 Dungeon Sprint DCSS version 0.21.2 (webtiles) character file.

66 Fang the Skirmisher (level 4, -1/48 HPs)
             Began as a Gargoyle Berserker on Sept 27, 2018.
             Was a Priest of Trog.
             Slain by a black bear (8 damage)
             ... in the Dungeon (Sprint VII: "The Pits").
             The game lasted 00:01:39 (419 turns).

Fang the Skirmisher (Gargoyle Berserker)             Turns: 419, Time: 00:01:40

Health: -1/48      AC:  5    Str: 27    XL:     4   Next: 15%
Magic:  4/4        EV: 12    Int:  7    God:    Trog [***...]
Gold:   0          SH:  0    Dex:  9    Spells: 3/3 levels left

rFire    . . .     SeeInvis .   j - +2 hand axe
rCold    . . .     Gourm    .   (no shield)
rNeg     + . .     Faith    .   b - +0 animal skin
rPois    ∞         Spirit   .   (no helmet)
rElec    +         Reflect  .   (no cloak)
rCorr    .         Harm     .   (no gloves)
MR       .....     NoTele   +   (no boots)
Stlth    ..........             (no amulet)
HPRegen  0.16/turn              (no ring)
MPRegen  0.09/turn              (no ring)

@: berserking, very quick
A: negative energy resistance 1, electricity resistance, unbreathing,
petrification resistance, rot immunity, AC +3
a: Berserk, Trog's Hand, Burn Spellbooks, Renounce Religion


You were in the Dungeon.
You worshipped Trog.
Trog was most pleased with you.
You were not hungry.

You visited 1 branch

Inventory:

Hand Weapons
 j - a +2 hand axe (weapon)
Armour
 b - a +0 animal skin (worn)
Scrolls
 i - a scroll of blinking
 k - 3 scrolls of remove curse
 l - a scroll of summoning
Potions
 a - 2 potions of invisibility
 d - a potion of curing
 e - a potion of heal wounds
 f - a potion of haste
 g - 4 potions of magic
 h - 3 potions of berserk rage
Comestibles
 c - 9 rations


   Skills:
 + Level 6.0 Fighting
 + Level 5.0 Axes
 + Level 3.4 Armour
 + Level 3.0 Dodging


You had 3 spell levels left.
You didn't know any spells.

Dungeon Overview and Level Annotations

Branches:
Dungeon (1/1)

Altars:
Cheibriados
Dithmenos
Elyvilon
Fedhas
Gozag
Hepliaklqana
Makhleb
Nemelex Xobeh
Okawaru
Qazlal
Ru
Sif Muna
Trog
Vehumet
Wu Jian
Xom
Yredelemnul
Zin
The Shining One
Beogh
Jiyva
Lugonu


Innate Abilities, Weirdness & Mutations

You are resistant to torment.
Your stone body is resilient. (AC +3)
You are immune to poison.
You resist negative energy. (rN+)
You are resistant to electric shocks. (rElec)
You can survive without breathing.
You are immune to petrification.
You are immune to rotting.


Message History

The black bear bites you!
The black bear claws you but does no damage.
The black bear claws you.
Unknown command.
You are too injured to fight recklessly!
You are too injured to fight recklessly!
You barely miss the black bear.
The black bear is severely wounded.
The black bear bites you but does no damage.
The black bear claws you. The black bear completely misses you.
You barely miss the black bear.
The black bear is severely wounded.
The black bear bites you. The black bear claws you.
* * * LOW HITPOINT WARNING * * *
The black bear claws you.
* * * LOW HITPOINT WARNING * * *
You slash the black bear!
The black bear is almost dead.
The black bear bites you!
You die...

#.?(.')))'.##......#..#.
##########.##...........
#...........'...........
#+#####†#####......#..#.
#.....##...........
#####'#####'#####++
#.....##.......#
#.....##.......#
###@####.......#
#..h).##...<...#
........##.......#
#........##.......#
###########.......#
#########


You could see a black bear (berserk).

Vanquished Creatures
  2 worker ants (D)
  An adder (D)
  An ufetubus (D)
  A leopard gecko (D)
  A bat (D)
  A ball python (D)
  A kobold (D)
8 creatures vanquished.

Notes
Turn   | Place    | Note
-------+----------+-------------------------------------------
     0 | D        | Fang the Gargoyle Berserker began the quest for the Orb.
     0 | D        | Reached XP level 1. HP: 14/14 MP: 1/1
   116 | D        | Found a bloodstained altar of Trog.
   116 | D        | Found a deep blue altar of Sif Muna.
   116 | D        | Found a viscous altar of Jiyva.
   116 | D        | Found a hazy altar of Hepliaklqana.
   116 | D        | Found an opulent altar of Gozag.
   152 | D        | Found a glowing golden altar of the Shining One.
   152 | D        | Found a glowing silver altar of Zin.
   152 | D        | Found a basalt altar of Yredelemnul.
   152 | D        | Found a shimmering altar of Xom.
   152 | D        | Found an ornate altar of the Wu Jian Council.
   152 | D        | Found a sacrificial altar of Ru.
   152 | D        | Found a stormy altar of Qazlal.
   152 | D        | Found an iron altar of Okawaru.
   152 | D        | Found a sparkling altar of Nemelex Xobeh.
   152 | D        | Found a burning altar of Makhleb.
   152 | D        | Found a blossoming altar of Fedhas.
   152 | D        | Found a white marble altar of Elyvilon.
   152 | D        | Found a shadowy altar of Dithmenos.
   152 | D        | Found a snail-covered altar of Cheibriados.
   155 | D        | Found a corrupted altar of Lugonu.
   155 | D        | Found a radiant altar of Vehumet.
   155 | D        | Found a roughly hewn altar of Beogh.
   234 | D        | Noticed a worker ant
   244 | D        | Killed a worker ant
   244 | D        | Reached skill level 5 in Fighting
   244 | D        | Reached XP level 2. HP: 13/21 MP: 2/2
   244 | D        | Reached XP level 3. HP: 17/26 MP: 3/3
   382 | D        | Reached ** piety under Trog
   409 | D        | Noticed a black bear
   411 | D        | Reached *** piety under Trog
   414 | D        | Reached skill level 6 in Fighting
   414 | D        | Reached skill level 5 in Axes
   414 | D        | Reached XP level 4. HP: 32/32 MP: 4/4
   419 | D        | Slain by a black bear

Skill      XL: |  1  2  3 |
---------------+----------+-----
Axes           | 4 5 |  5.0
Fighting       | 5 6 |  6.0
Armour         | 3 |  3.4
Dodging        | 2 3 |  3.0

Action                   |  1- 3 |  4- 6 || total
-------------------------+-------+-------++-------
Melee: Hand axe          |    39 |     5 ||    44
Invok: Berserk           |     2 |       ||     2
Armor: Animal skin       |    10 |     3 ||    13
Dodge: Dodged            |    33 |     1 ||    34
